 Dungeon Crawl Stone Soup version 0.28.0-45-g0d030f2227 (webtiles) character file.

Game seed: 4109922897310173845

497227 raph the Acrobat (level 25, -12/219 HPs)
             Began as a Merfolk Gladiator on May 18, 2022.
             Was the Champion of Wu Jian.
             Mangled by an acid blob (20 damage)
             ... created by the Royal Jelly
             ... on level 5 of the Pits of Slime.
             The game lasted 02:15:51 (71259 turns).

raph the Acrobat (Merfolk Gladiator)               Turns: 71259, Time: 02:15:52

Health: -12/219    AC: 18    Str: 25    XL:     25   Next: 15%
Magic:  9/29       EV: 44    Int: 14    God:    Wu Jian [******]
Gold:   3934       SH:  5    Dex: 29    Spells: 26/37 levels left

rFire   + + .      SeeInvis +   a - +9 bardiche (venom)
rCold   . . .      Faith    .   (shield currently unavailable)
rNeg    . . .      Spirit   .   l - +3 salamander hide armour {Flames rF++ rC--}
rPois   +          Reflect  +   M - +2 helmet {Int+3}
rElec   +          Harm     .   x - +1 cloak "Qosad" {Str+8 Int-5 SInv}
rCorr   +          Rampage  .   J - +1 pair of gloves of the Lumpy Ultimatums {*Corrode rElec rPois rC++}
Will    +....      Rage     1%  s - +2 pair of boots
Stlth   +++.......              v - amulet "Parecs" {Reflect Contam Int+4 Dex+6 SH+5}
HPRegen 0.46/turn               f - ring of Uzang {AC+4 Int+5}
MPRegen 0.21/turn               Y - ring of resist corrosion

@: corroded, in a heavenly storm, on blink cooldown, glowing
A: (nimble swimmer 2), mertail, berserk 1, deformed body, dopey 1, low MP 1, no
potion heal 1
}: 2/15 runes: decaying, gossamer
a: Renounce Religion, Wall Jump, Serpent's Lash, Heavenly Storm


You were on level 5 of the Pits of Slime.
You worshipped Wu Jian.
Wu Jian was exalted by your worship.
You visited 9 branches of the dungeon, and saw 47 of its levels.
You visited the Abyss 2 times.
You visited 1 bazaar.
You also visited: Bailey and Desolation.

You collected 6240 gold pieces.
You spent 2306 gold pieces at shops.

Inventory:

Hand Weapons
 a - a +9 bardiche of venom (weapon)
 b - a +5 demon trident of venom
Missiles
 d - 6 throwing nets
 g - 7 silver javelins
 H - 6 javelins
 V - 23 boomerangs (quivered)
 X - 7 curare-tipped darts
Armour
 l - the +3 salamander hide armour (worn) {Flames rF++ rC--}
   (You found it on level 3 of the Dungeon)

   It surrounds you with a cloud of flames.
   It grants immunity to clouds of flame.
   It enhances your fire magic.
   rF:        It greatly protects you from fire.
   rC:        It makes you very vulnerable to cold.
 s - a +2 pair of boots (worn)
 u - the +0 helmet of Togun {rPois rF- Dex+8}
   (You found it on level 4 of the Dungeon)

   Dex:       It affects your dexterity (+8).
   rF:        It makes you vulnerable to fire.
   rPois:     It protects you from poison.
 x - the +1 cloak "Qosad" (worn) {Str+8 Int-5 SInv}
   (You found it on level 5 of the Dungeon)

   Str:       It affects your strength (+8).
   Int:       It affects your intelligence (-5).
   SInv:      It lets you see invisible.
 J - the +1 pair of gloves of the Lumpy Ultimatums (worn) {*Corrode rElec rPois rC++}
   (You acquired it on level 7 of the Dungeon)

   rC:        It greatly protects you from cold.
   rElec:     It insulates you from electricity.
   rPois:     It protects you from poison.
   *Corrode:  It may corrode you when you take damage.
 M - a +2 helmet of intelligence (worn)
Jewellery
 c - the amulet "Fulaf" {Acrobat rC++ Regen+}
   (You took it off a deep elf zephyrmancer on level 3 of the Elven Halls)

   [amulet of the acrobat]

   It increases your evasion while moving and waiting.
   rC:        It greatly protects you from cold.
   Regen:     It increases your rate of health regeneration.
 f - the ring of Uzang (left hand) {AC+4 Int+5}
   (You found it in the Desolation of Salt)

   [ring of protection]

   AC:        It affects your AC (+4).
   Int:       It affects your intelligence (+5).
 j - the amulet "Asoupsa" {Acrobat rC+ Str-2 Int+5}
   (You found it in the Desolation of Salt)

   [amulet of the acrobat]

   It increases your evasion while moving and waiting.
   Str:       It affects your strength (-2).
   Int:       It affects your intelligence (+5).
   rC:        It protects you from cold.
 v - the amulet "Parecs" (around neck) {Reflect Contam Int+4 Dex+6 SH+5}
   (You found it on level 6 of the Lair of Beasts)

   [amulet of reflection]

   It reflects blocked missile attacks.
   Int:       It affects your intelligence (+4).
   Dex:       It affects your dexterity (+6).
   Contam:    It causes magical contamination when unequipped.
   SH:        It affects your SH (+5).
 y - the ring of Useorph {rC+ Int+3 SInv}
   (You took it off a fire giant on level 2 of the Depths)

   [ring of see invisible]

   Int:       It affects your intelligence (+3).
   rC:        It protects you from cold.
   SInv:      It lets you see invisible.
 O - the ring of the Gloaming {rPois rF+ rN+ Str+4}
   (You found it in the Desolation of Salt)

   [ring of positive energy]

   Str:       It affects your strength (+4).
   rF:        It protects you from fire.
   rPois:     It protects you from poison.
   rN:        It protects you from negative energy.
 Y - a ring of resist corrosion (right hand)
Wands
 e - a wand of acid (23)
 t - a wand of digging (36)
 C - a wand of polymorph (2)
 K - a wand of iceblast (49)
 L - a wand of mindburst (55)
 P - a wand of flame (92)
 Q - a wand of paralysis (4)
Scrolls
 k - 2 scrolls of enchant weapon
 m - a scroll of silence
 n - a scroll of amnesia
 p - 11 scrolls of teleportation
 E - 6 scrolls of fear
 I - 3 scrolls of magic mapping
 T - 2 scrolls of blinking
 U - a scroll of enchant armour
Potions
 h - 11 potions of haste
 i - 3 potions of berserk rage
 o - 18 potions of curing
 q - 4 potions of heal wounds
 r - 5 potions of might
 w - 5 potions of flight
 z - 6 potions of invisibility
 A - a potion of resistance
 D - 7 potions of magic
 F - 8 potions of mutation
 G - 5 potions of brilliance
 W - 2 potions of cancellation
 Z - 4 potions of ambrosia
Miscellaneous
 B - a lightning rod (4/4)
 N - a box of beasts
 R - a condenser vane
 S - a phial of floods


   Skills:
 + Level 22.8 Fighting
 - Level 23.5(24.0) Polearms
 - Level 4.6(10.6) Staves
 + Level 20.6 Throwing
 + Level 13.2 Armour
 + Level 24.2 Dodging
 + Level 13.4 Stealth
 - Level 6.6 Spellcasting
 - Level 11.3 Translocations
 + Level 8.9 Evocations


You had 26 spell levels left.
You knew the following spells:

 Your Spells              Type           Power      Damage    Failure   Level
a - Blink                 Tloc           72%        N/A       1%          2
b - Apportation           Tloc           72%        N/A       1%          1
c - Animate Skeleton      Necr           8%         N/A       17%         1
d - Manifold Assault      Tloc           36%        N/A       4%          5
e - Passwall              Tmut/Erth      3%         N/A       26%         2

Your spell library contained the following spells:

 Spells                   Type           Power      Damage    Failure   Level
 Gell's Gravitas          Tloc           36%        N/A       1%          3
 Lesser Beckoning         Tloc           36%        N/A       1%          3
 Teleport Other           Tloc           36%        N/A       1%          3
 Iskenderun's Mystic Bla  Conj/Tloc      20%        2d6       16%         4
 Foxfire                  Conj/Fire      24%        2x1d5     17%         1
 Magic Dart               Conj           16%        1d3       17%         1
 Pain                     Necr           16%        1d4       17%         1
 Sandblast                Erth           8%         2d5       17%         1
 Shock                    Conj/Air       16%        1d4       17%         1
 Slow                     Hex            16%        N/A       17%         1
 Sting                    Tmut/Pois      16%        1d3       17%         1
 Summon Small Mammal      Summ           16%        N/A       17%         1
 Dispersal                Tloc           18%        N/A       24%         6
 Poisonous Vapours        Pois/Air       8%         N/A       26%         2
 Scorch                   Fire           12%        2d5       26%         2
 Static Discharge         Conj/Air       4%         N/A       26%         2
 Sublimation of Blood     Necr           4%         N/A       26%         2
 Call Canine Familiar     Summ           4%         N/A       45%         3
 Confusing Touch          Hex            4%         N/A       45%         3
 Conjure Flame            Conj/Fire      6%         6-21      45%         3
 Dazzling Flash           Conj/Hex       8%         N/A       45%         3
 Ignite Poison            Fire/Tmut/Pois 6%         N/A       45%         3
 Inner Flame              Hex/Fire       6%         N/A       45%         3
 Mephitic Cloud           Conj/Pois/Air  4%         N/A       45%         3
 Ozocubu's Armour         Ice            4%         N/A       45%         3
 Stone Arrow              Conj/Erth      8%         3d7       45%         3
 Summon Guardian Golem    Hex/Summ       4%         N/A       45%         3
 Swiftness                Air            4%         N/A       45%         3
 Tukima's Dance           Hex            4%         N/A       45%         3
 Vampiric Draining        Necr           4%         2d6       45%         3
 Airstrike                Air            2%         N/A       86%         4
 Anguish                  Hex/Necr       2%         N/A       86%         4
 Animate Armour           Summ/Erth      8%         N/A       86%         4
 Dispel Undead            Necr           4%         3d7       86%         4
 Flame Wave               Conj/Fire      6%         2d5       86%         4
 Fulminant Prism          Conj/Hex       2%         3d6       86%         4
 Leda's Liquefaction      Hex/Erth       2%         N/A       86%         4
 Petrify                  Tmut/Erth      4%         N/A       86%         4
 Sticky Flame             Conj/Fire      6%         2d3       86%         4
 Summon Ice Beast         Ice/Summ       4%         N/A       86%         4
 Agony                    Necr           4%         N/A       99%         5
 Alistair's Intoxication  Tmut/Pois      2%         N/A       99%         5
 Blade Hands              Tmut           2%         N/A       99%         5
 Excruciating Wounds      Necr           2%         N/A       99%         5
 Freezing Cloud           Conj/Ice/Air   2%         6-21      99%         5
 Irradiate                Conj/Tmut      2%         3d14      99%         5
 Lee's Rapid Deconstruct  Erth           2%         3d5*      99%         5
 Lightning Bolt           Conj/Air       2%         1d13      99%         5
 Metabolic Englaciation   Hex/Ice        2%         N/A       99%         5
 Silence                  Hex/Air        2%         N/A       99%         5
 Summon Mana Viper        Hex/Summ       4%         N/A       99%         5
 Conjure Ball Lightning   Conj/Air       2%         3x3d6     100%        6
 Iron Shot                Conj/Erth      2%         9d2       100%        6
 Simulacrum               Ice/Necr       2%         N/A       100%        6
 Starburst                Conj/Fire      3%         6d3       100%        6
 Statue Form              Tmut/Erth      2%         N/A       100%        6
 Summon Cactus Giant      Summ           2%         N/A       100%        6
 Enfeeble                 Hex            2%         N/A       100%        7
 Malign Gateway           Summ/Tloc      10%        N/A       100%        7
 Monstrous Menagerie      Summ           2%         N/A       100%        7
 Orb of Destruction       Conj           2%         9d5       100%        7
 Spellforged Servitor     Conj/Summ      2%         N/A       100%        7
 Borgnjor's Revivificati  Necr           2%         N/A       100%        8
 Discord                  Hex            2%         N/A       100%        8
 Disjunction              Tloc           18%        N/A       100%        8
 Maxwell's Capacitive Co  Air            2%         ∞         100%        8
 Summon Horrible Things   Summ           2%         N/A       100%        8
 Chain Lightning          Conj/Air       2%         3d2       100%        9


Dungeon Overview and Level Annotations

Branches:
Dungeon (15/15)            Temple (0/1) D:7            Lair (6/6) D:9
  Swamp (4/4) Lair:4       Spider (4/4) Lair:4        Slime (5/5) Lair:5
    Orc (2/2) D:9             Elf (3/3) Orc:2        Vaults (4/5) D:14
  Crypt (0/3) Vaults:3     Depths (4/4) D:15            Zot (0/5) Depths:4
 Bailey (visited)         Desolation (visited)

Altars:
Ashenzari
Dithmenos
Elyvilon
Fedhas
Kikubaaqudgha
Qazlal
Uskayaw
Wu Jian
Xom
Yredelemnul
Zin
The Shining One
Beogh
Jiyva

Shops:
Orc:2 ?(:!*   Vaults:4 !   Depths:2 =

Portals:
Hell: Depths:1 Depths:2 Depths:3 Depths:4
Abyss: Depths:1 Depths:3
Pandemonium: Depths:2
Ziggurat: Depths:4
Trove: D:10 (give +5 fire dragon scales)


Innate Abilities, Weirdness & Mutations

((You are very nimble when in or above water. (Stealth+, EV+, Speed+++)))
Your lower body shifts to a powerful aquatic tail in water.
You tend to lose your temper in combat.
Armour fits poorly on your strangely shaped body.
You are dopey. (Int -2)
Your magical capacity is low. (-10% MP)
Potions are less effective at restoring your health.


Message History

The slime creature closely misses you.
An acid blob comes into view.
The acid blob moves out of view.
Okay, then.
Your magical effects are unravelling.
You feel magically purged.
You feel a little less mighty now.
You are no longer corroded.
The slime creature completely misses you.
You cut the slime creature into ribbons!!!
You kill the slime creature!
The Council accepts your kill.
You spin and attack the acid blob.
You slice the acid blob like a ripe choko!!!
Your hands burn!
* * * LOW HITPOINT WARNING * * *
The acid blob is heavily wounded.
The acid blob completely misses you. x2
You recover from your berserk rage.
You slice the acid blob!!
Your hands burn!
* * * LOW HITPOINT WARNING * * *
The acid blob is severely wounded.
The acid blob hits you!
* * * LOW HITPOINT WARNING * * *
You are splashed with acid.
You resist.
* * * LOW HITPOINT WARNING * * *
The acid blob barely misses you.
Casting: Blink (safe; 1% risk of failure)
Confirm with . or Enter, or press ? or * to list all spells.
You blink.
The acid blob spits acid at you. The splash of acid misses you.
Your system partially rejects the healing.
You feel much better. The acid blob spits acid at you.
The splash of acid hits you! You resist.
* * * LOW HITPOINT WARNING * * *
The acid corrodes you! The acid blob spits acid at you.
The splash of acid misses you. The acid blob hits you!!
You die...

##.............
#............J.
#................
##................
##.................
#........§☼§☼§.....
#........§☼§°§.....
#..☼§☼☼☼§☼@§☼.....
##§§§§§§JJ§§§.....
#○☼☼§§§§§☼§§☼.....
#.§§§§☼§☼§§......
##§§§☼☼§☼§☼......
#§☼☼§§..........
##§☼☼☼§.^.......
##§§§§§§.........
#.☼☼.§§☼..<.....


You could see 3 acid blobs.

Vanquished Creatures
  the Royal Jelly (Slime:5)
  Mara (Vaults:4)
  Xtahua (Depths:3)
  Nikola (Lair:4)
  A golden dragon (Depths:2)
  3 bone dragons
  A hellephant (Abyss:3)
  Rupert (Lair:3)
  Mlioglotl (Swamp:2)
  2 tentacled monstrosities
  2 liches
  4 deep elf master archers (Elf:3)
  A walking earthen tome (Depths:2)
  4 deep elf blademasters (Elf:3)
  17 acid blobs
  Frances (Spider:2)
  8 sphinxes
  8 tentacled starspawn
  2 tengu reavers
  2 thorn hunters (Swamp:4)
  A fenstrider witch (Swamp:1)
  An azure jelly (Slime:5)
  A draconian monk (Depths:4)
  A revenant (Abyss:3)
  7 rockslimes
  2 storm dragons (Vaults:3)
  11 vault wardens
  5 fire giants
  2 draconian scorchers
  4 frost giants
  2 orc warlords
  A balrug (Abyss:3)
  3 imperial myrmidons (Desolation)
  Louise (Elf:3)
  2 cacodemons (Abyss:3)
  3 emperor scorpions
  5 deep elf sorcerers (Elf:3)
  An angel (Abyss:2)
  4 spectral caustic shrikes (Depths:4)
  2 ghouls
  Aizul (Swamp:4)
  An iron dragon (Depths:3)
  5 ghost moths
  9 quicksilver oozes
  The ghost of Ysuot the Spear-Bearer, a journeyman OpWn of Okawaru (Swamp:4)
  16 ironbound preservers
  3 deep elf elementalists (Elf:3)
  9 stone giants
  A war gargoyle (Vaults:4)
  16 very ugly things
  10 ironbound thunderhulks
  3 broodmothers
  11 starcursed masses
  A reaper (Depths:3)
  The ghost of Sigibet the Geomancer, a journeyman GrEE of Vehumet (Lair:6)
  A green draconian (Depths:4)
  9 eleionomae
  4 vampire knights
  9 deep elf annihilators
  A minotaur (Lair:3)
  Azrael (Lair:4)
  2 lorocyprocas
  A purple draconian (Depths:4)
  A black draconian (Depths:4)
  2 deep elf demonologists
  10 dire elephants
  6 entropy weavers
  5 spark wasps
  A white draconian (Depths:4)
  7 bunyips
  Snorg (Lair:4)
  2 halazid warlocks (Desolation)
  3 crystal guardians
  8 deep elf death magi
  3 ettins
  3 jiangshi (Depths:3)
  11 yaktaur captains
  9 fire dragons
  A green death (Abyss:2)
  Fannar (D:10)
  5 shambling mangroves
  The ghost of dhn the Cleaver, a journeyman MiFi (D:10)
  20 vault guards
  9 ragged hierophants (Desolation)
  7 great orbs of eyes
  11 servants of whispers (Desolation)
  4 deep elf high priests
  6 ice dragons
  4 rakshasas
  Harold (D:8)
  3 radroaches
  A hell beast (Depths:1)
  2 spriggan air magi
  4 ghost crabs
  10 ironbound frosthearts
  2 ogre magi
  2 jorogumos
  26 hydras
  5 boulder beetles
  7 peacekeepers
  The ghost of Uhour the Covert, a journeyman SpEn of Sif Muna (Lair:3)
  8 two-headed ogres
  12 centaur warriors
  3 death knights
  30 dancing weapons
  6 alligators
  9 deep troll shamans
  6 death yaks (Lair:6)
  3 tengu warriors
  4 thrashing horrors
  2 orc high priests
  7 deep troll earth magi
  2 hell hogs (Depths:1)
  2 spriggan berserkers
  2 vampire magi
  12 deep elf knights
  Sonja (Lair:1)
  3 soul eaters (Depths:1)
  A fire crab (shapeshifter) (D:15)
  A spectral death yak (Lair:6)
  2 wretched stars (Abyss:3)
  11 hell knights
  5 sun demons
  4 goliath frogs
  2 skeletal warriors
  2 sixfirhies
  6 iron trolls
  A spectral anaconda (Lair:6)
  A sun moth (Spider:4)
  4 spatial maelstroms (Abyss:3)
  6 pharaoh ants
  8 steelbarb worms
  A death drake (shapeshifter) (Vaults:2)
  14 orb spiders
  3 flayed ghosts
  7 glowing orange brains
  69 deep trolls
  2 tengu zombies (Vaults:2)
  15 swamp dragons
  A bog body (Swamp:4)
  8 spriggan druids
  4 spectral hydras (Swamp:4)
  6 phantasmal warriors
  15 deep elf archers
  12 lindwurms
  An obsidian statue (Lair:6)
  10 orc knights
  An orange crystal statue (Depths:2)
  11 wizards
  Pikel (D:8)
  10 harpies
  32 deep elf zephyrmancers
  5 necromancers
  15 ironbound convokers
  27 deep elf pyromancers
  15 wolf spiders
  3 oklob plants (Swamp:4)
  A salamander (shapeshifter) (D:14)
  6 orc sorcerers
  A salamander (Depths:1)
  4 shining eyes
  5 will-o-the-wisps
  6 cyclopes
  32 ugly things
  An elf zombie (Vaults:2)
  7 elephants (Lair:6)
  A fire giant skeleton (Vaults:2)
  3 worldbinders
  11 manticores
  A naga mage (D:15)
  Joseph (D:9)
  An apocalypse crab (Abyss:3)
  A rust devil (Depths:3)
  3 torpor snails (Spider:1)
  3 eyes of devastation
  22 vault sentinels
  Maurice (D:8)
  A stone giant skeleton (Vaults:2)
  3 moths of wrath
  A black mamba (Lair:6)
  A guardian serpent (Desolation)
  A titan simulacrum (Abyss:3)
  The ghost of Palewisp the Covert, a novice SpEn of Sif Muna (D:6)
  14 cane toads
  3 orange demons
  4 rime drakes
  A dire elephant skeleton (Lair:6)
  2 gargoyles (D:12)
  A kobold demonologist (Bailey)
  3 demonic crawlers
  5 komodo dragons
  3 unseen horrors
  9 smoke demons
  2 efreet (D:14)
  2 hellions
  2 ice devils
  12 yaktaurs
  10 freezing wraiths
  2 ancient zymes (Abyss:3)
  4 tengu conjurers
  9 trolls
  2 hydra zombies (Swamp:4)
  A red devil (Depths:2)
  A merfolk (D:15)
  31 tarantellas
  A bloated husk (Swamp:1)
  3 polar bears
  3 death drake zombies (Swamp:4)
  3 meliai (Spider:4)
  15 hornets
  62 saltlings (Desolation)
  6 raiju
  2 hydra skeletons (Swamp:4)
  54 slime creatures
  A death drake skeleton (Swamp:4)
  2 wolf spider simulacra (D:14)
  11 tyrant leeches
  34 blink frogs
  5 dream sheep (Lair:6)
  A jumping spider (shapeshifter) (D:14)
  14 small abominations
  Sigmund (D:2)
  28 jumping spiders
  24 culicivoras
  2 shadows (D:9)
  6 wraiths
  3 wyverns
  8 spriggans
  7 water elementals
  2 ynoxinuls
  3 humans (D:14)
  69 yaks
  A human (shapeshifter) (Abyss:3)
  Eustachio (D:4)
  A golden eye (Abyss:3)
  5 chaos spawn
  2 neqoxecs
  A death yak simulacrum (Lair:6)
  5 fire elementals
  60 redbacks
  A steam dragon (D:7)
  Grum (D:8)
  7 basilisks
  16 swamp worms
  5 wargs
  5 spatial vortices (Abyss:3)
  6 vampire mosquitoes (D:13)
  A spectral cane toad (Lair:6)
  An acid dragon (D:9)
  6 hell hounds
  21 large abominations
  16 water moccasins
  2 hydra simulacra (Swamp:4)
  A hornet zombie (D:4)
  43 orc warriors
  3 ice beasts
  An elephant zombie (Lair:6)
  A sky beast (D:8)
  3 black bears
  6 swamp drakes
  3 necrophages
  3 swamp dragon zombies (Swamp:4)
  20 wolves
  9 ogres
  A swamp dragon skeleton (Swamp:4)
  16 boggarts
  17 centaurs
  2 elephant skeletons (Lair:6)
  3 lemures (D:8)
  A phantom (D:5)
  Blork the orc (D:5)
  18 bullfrogs
  2 earth elementals
  A scorpion (D:6)
  A wyvern skeleton (D:6)
  An elephant simulacrum (Lair:6)
  2 water moccasin skeletons
  10 killer bees (D:9)
  A howler monkey (D:8)
  11 electric eels
  2 lava snakes (Lair:1)
  A crimson imp (D:6)
  3 centaur zombies
  A quasit (Abyss:3)
  41 orc priests
  A centaur skeleton (D:6)
  2 bullfrog zombies
  7 hounds
  4 jellies
  An iron imp (Abyss:3)
  A bullfrog skeleton (D:5)
  An iguana (D:6)
  Natasha (thrice) (D:2)
  43 orc wizards
  7 hell rats (Lair:6)
  A centaur simulacrum (D:6)
  A hound skeleton (D:4)
  8 gnolls
  2 howler monkey skeletons (D:6)
  6 adders
  A shadow imp (D:7)
  15 white imps
  2 worms (D:2)
  2 dart slugs
  109 orcs
  6 endoplasms
  2 giant cockroaches
  11 goblins
  15 hobgoblins
  5 jackals
  4 quokkas
  6 ball pythons
  6 bats
  6 frilled lizards
  A goblin skeleton (D:6)
  2 goblin zombies (D:6)
  2 hobgoblin zombies (D:6)
  A kobold (D:4)
  A kobold skeleton (D:6)
  2 kobold zombies (D:6)
  An orc skeleton (D:6)
  An orc zombie (D:6)
  7 rats
  12 briar patches (Swamp:4)
  6 bushes
  2 butterflies (D:10)
  A lurking horror (Abyss:2)
  11 pillars of salt (Elf:1)
  7 starspawn tentacles (Abyss:3)
2236 creatures vanquished.

Vanquished Creatures (collateral kills)
  A hydra (Swamp:4)
1 creature vanquished.

Vanquished Creatures (others)
  A balrug (Depths:1)
  A deep elf demonologist (Elf:1)
  A boulder beetle (D:14)
  2 deep elf knights
  A large abomination (Abyss:2)
  A bloated husk (Swamp:2)
  A culicivora (Spider:1)
  A centaur simulacrum (D:14)
  A human (D:14)
  An orc (Orc:2)
  8 foxfires
  130 fungi
  226 plants
  13 starspawn tentacles
  5 toadstools (D:14)
  27 withered plants (Lair:6)
420 creatures vanquished.

Grand Total: 2657 creatures vanquished

Notes
Turn   | Place    | Note
-------+----------+-------------------------------------------
     0 | D:1      | raph the Merfolk Gladiator began the quest for the Orb.
     0 | D:1      | Reached XP level 1. HP: 16/16 MP: 1/1
   467 | D:1      | Reached skill level 5 in Polearms
   620 | D:1      | Reached XP level 2. HP: 22/22 MP: 2/2
  1525 | D:1      | You fall into a shaft and drop 1 floor!
  1538 | D:2      | Reached XP level 3. HP: 22/27 MP: 3/3
  1682 | D:2      | Noticed Natasha
  1690 | D:2      | Killed Natasha
  1691 | D:2      | Reached XP level 4. HP: 28/33 MP: 4/4
  2096 | D:2      | Noticed Sigmund
  2264 | D:3      | Found a white marble altar of Elyvilon.
  2264 | D:3      | Found the +3 salamander hide armour {Flames rF++ rC--}
  2437 | D:3      | Reached XP level 5. HP: 36/38 MP: 5/5
  2604 | D:3      | Found a faded altar of an unknown god.
  2699 | D:2      | Killed Sigmund
  2700 | D:2      | Reached skill level 10 in Polearms
  2700 | D:2      | Reached XP level 6. HP: 36/44 MP: 6/6
  2931 | D:2      | Noticed Natasha
  2948 | D:2      | Killed Natasha
  3077 | D:2      | Noticed Natasha
  3090 | D:2      | Killed Natasha
  3530 | D:4      | Identified the +0 helmet of Togun {rPois rF- Dex+8}
  3534 | D:4      | Found a blossoming altar of Fedhas.
  3657 | D:4      | Found a broken altar of Ashenzari.
  3664 | D:4      | Noticed Eustachio
  3671 | D:4      | Killed Eustachio
  3672 | D:4      | Reached XP level 7. HP: 43/50 MP: 7/7
  4476 | D:4      | Found an ornate altar of the Wu Jian Council.
  4976 | D:5      | Entered Level 5 of the Dungeon
  4979 | D:5      | Reached XP level 8. HP: 56/56 MP: 8/8
  5098 | D:5      | Reached skill level 1 in Stealth
  5127 | D:5      | Reached skill level 1 in Staves
  5134 | D:5      | Reached skill level 1 in Armour
  5157 | D:5      | Identified the +1 cloak "Qosad" {Str+8 Int-5 SInv}
  5276 | D:5      | Noticed Blork the orc
  5290 | D:5      | Killed Blork the orc
  5291 | D:5      | Reached skill level 5 in Dodging
  5363 | D:4      | Became a worshipper of the Wu Jian Council
  5472 | D:6      | Reached XP level 9. HP: 55/64 MP: 9/9
  5916 | D:6      | Found a runed translucent gate.
  5916 | D:6      | Found a runed translucent gate.
  5916 | D:6      | Found a runed translucent gate.
  5922 | D:6      | Found a glowing silver altar of Zin.
  5934 | D:6      | Noticed Palewisp's ghost (novice SpEn)
  6033 | D:6      | Found a glowing golden altar of the Shining One.
  6130 | D:6      | Reached * piety under Wu Jian
  6512 | D:6      | Found an ancient bone altar of Kikubaaqudgha.
  6643 | D:7      | Reached skill level 6 in Dodging
  6829 | D:7      | Found a stormy altar of Qazlal.
  7069 | D:7      | Found a staircase to the Ecumenical Temple.
  7168 | D:7      | Reached skill level 5 in Fighting
  7182 | D:7      | Found a flagged portal.
  7191 | Bailey   | Entered a bailey
  7243 | Bailey   | Noticed an orc sorcerer
  7249 | Bailey   | Paralysed by an orc sorcerer for 7 turns
  7251 | Bailey   | Noticed a smoke demon
  7508 | Bailey   | Reached skill level 7 in Dodging
  7508 | Bailey   | Reached skill level 5 in Stealth
  7628 | Bailey   | Reached ** piety under Wu Jian
  7633 | Bailey   | Noticed a soul eater
  7634 | Bailey   | Killed an orc sorcerer
  7635 | Bailey   | Reached XP level 10. HP: 60/74 MP: 10/10
  7889 | Bailey   | Found an iron altar of Okawaru.
  7891 | Bailey   | Noticed a kobold demonologist
  7900 | Bailey   | Killed a kobold demonologist
  8319 | D:7      | Acquired the +1 pair of gloves of the Lumpy Ultimatums
                  | {*Corrode rElec rPois rC++}
  8396 | D:7      | Acquired a +6 bardiche of venom
  8621 | D:8      | Noticed Harold
  8621 | D:8      | Noticed Pikel
  8671 | D:8      | Killed Pikel
  8679 | D:8      | Found a hide-covered altar of Uskayaw.
  8687 | D:8      | Killed Harold
  8688 | D:8      | Reached skill level 8 in Dodging
  8694 | D:8      | Noticed Maurice
  8713 | D:8      | Killed Maurice
  8803 | D:8      | Noticed Grum
  8810 | D:8      | Killed Grum
  8880 | D:8      | Reached XP level 11. HP: 82/83 MP: 11/11
  8937 | D:8      | Reached skill level 15 in Polearms
  9176 | D:9      | Found a staircase to the Lair.
  9369 | D:9      | Reached *** piety under Wu Jian
  9377 | D:9      | Reached skill level 9 in Dodging
  9720 | D:9      | Noticed Joseph
  9735 | D:9      | Killed Joseph
 10022 | D:9      | Noticed a two-headed ogre
 10093 | D:9      | Identified the +0 pair of gloves "Caravvof" {Rampage rC-
                  | Str+2}
 10128 | D:9      | Killed a two-headed ogre
 10178 | D:9      | Noticed a cyclops
 10185 | D:9      | Killed a cyclops
 10271 | D:9      | Reached skill level 5 in Throwing
 10271 | D:9      | Found a staircase to the Orcish Mines.
 10361 | D:9      | Reached **** piety under Wu Jian
 10459 | D:10     | Entered Level 10 of the Dungeon
 10512 | D:10     | Found a shimmering altar of Xom.
 10561 | D:10     | Found a portal to a secret trove of treasure.
 10718 | D:10     | Found a runed translucent gate.
 10718 | D:10     | Found a runed translucent gate.
 10718 | D:10     | Found a runed translucent gate.
 10773 | D:10     | Noticed Fannar
 10786 | D:10     | Killed Fannar
 10787 | D:10     | Reached skill level 10 in Dodging
 10787 | D:10     | Reached XP level 12. HP: 86/92 MP: 12/12
 10814 | D:10     | Reached ***** piety under Wu Jian
 11133 | D:10     | Noticed dhn's ghost (journeyman MiFi)
 11164 | Lair:1   | Entered Level 1 of the Lair of Beasts
 11457 | Lair:1   | Found a runed translucent door.
 11898 | Lair:1   | Noticed Sonja
 11903 | Lair:1   | Killed Sonja
 12537 | Lair:1   | Found a runed translucent gate.
 12539 | Lair:1   | Noticed a boulder beetle
 12543 | Lair:1   | Found a runed translucent gate.
 12544 | Lair:1   | Found a runed translucent gate.
 12544 | Lair:1   | Found a runed translucent gate.
 12544 | Lair:1   | Found a runed translucent gate.
 12645 | Lair:1   | Found a runed translucent gate.
 12645 | Lair:1   | Noticed a boulder beetle
 12865 | Lair:2   | Identified the +1 long sword of the Lonely Spirits
                  | {antimagic, Dex+3}
 13132 | Lair:2   | Noticed a seven-headed hydra
 13140 | Lair:2   | Killed an eight-headed hydra
 13141 | Lair:2   | Reached skill level 11 in Dodging
 13769 | Lair:3   | Noticed Rupert
 13783 | Lair:3   | Killed Rupert
 13787 | Lair:3   | Reached XP level 13. HP: 94/101 MP: 13/13
 14002 | Lair:3   | Found a runed translucent gate.
 14003 | Lair:3   | Found a runed translucent gate.
 14005 | Lair:3   | Found a runed translucent gate.
 14074 | Lair:3   | Reached skill level 10 in Stealth
 14218 | Lair:3   | Noticed a minotaur
 14224 | Lair:3   | Noticed Uhour's ghost (journeyman SpEn)
 14695 | Lair:4   | Identified the +9 long sword "raph's Foe" {freeze, Dex+3}
 14712 | Lair:4   | Reached skill level 12 in Dodging
 14739 | Lair:4   | Noticed Snorg
 14750 | Lair:4   | Killed Snorg
 14757 | Lair:4   | Reached skill level 10 in Fighting
 14781 | Lair:4   | Found a hole to the Spider Nest.
 15233 | Lair:4   | Found a staircase to the Swamp.
 15421 | Lair:5   | Reached skill level 10 in Throwing
 15608 | Lair:5   | Found a runed translucent door.
 15609 | Lair:5   | Found a viscous altar of Jiyva.
 15609 | Lair:5   | Noticed an acid blob
 15611 | Lair:5   | Found a staircase to the Slime Pits.
 15611 | Lair:5   | Noticed an acid blob
 16108 | Lair:6   | Entered Level 6 of the Lair of Beasts
 16128 | Lair:6   | Reached XP level 14. HP: 111/111 MP: 14/14
 16229 | Lair:6   | Reached ****** piety under Wu Jian
 16234 | Lair:6   | Found a runed translucent door.
 16344 | Lair:6   | Acquired a manual of Fighting
 16534 | Lair:6   | Reached skill level 13 in Dodging
 17012 | Lair:6   | Noticed a dire elephant
 17012 | Lair:6   | Noticed a dire elephant
 17012 | Lair:6   | Noticed a dire elephant
 17013 | Lair:6   | Noticed a dire elephant
 17016 | Lair:6   | Found the +8 mithril axe "Arga" {speed, Will+}
 17020 | Lair:6   | Killed a dire elephant
 17027 | Lair:6   | Noticed a dire elephant
 17028 | Lair:6   | Noticed a dire elephant
 17034 | Lair:6   | Killed a dire elephant
 17040 | Lair:6   | Killed a dire elephant
 17572 | Lair:6   | Identified the amulet "Parecs" {Reflect Contam Int+4 Dex+6
                  | SH+5}
 17678 | Lair:6   | Killed a dire elephant
 17686 | Lair:6   | Killed a dire elephant
 17694 | Lair:6   | Killed a dire elephant
 18448 | Lair:6   | Identified the +6 spear of the Six Bones {speed, rF+ Str+5
                  | Stlth+}
 18453 | Lair:6   | Noticed Sigibet's ghost (journeyman GrEE)
 18737 | Lair:6   | Killed Sigibet's ghost
 18743 | Lair:6   | Reached XP level 15. HP: 82/121 MP: 15/15
 18885 | Lair:6   | Got Irgheh's Compendium of Stones
 19134 | D:10     | Killed dhn's ghost
 19308 | Orc:1    | Entered Level 1 of the Orcish Mines
 19360 | Orc:2    | Entered Level 2 of the Orcish Mines
 19431 | Orc:2    | Found a staircase to the Elven Halls.
 19707 | Orc:2    | Found a frozen archway.
 19731 | Orc:2    | Found Vockoc's Assorted Antiques.
 19743 | Orc:2    | Bought a brass ring for 150 gold pieces
 20040 | Orc:2    | Reached skill level 14 in Dodging
 20567 | Orc:2    | Found Rosacu's Weapon Emporium.
 20569 | Orc:2    | Found Jomn's Magic Scroll Emporium.
 20572 | Orc:2    | Found Fafroi's Book Shoppe.
 20574 | Orc:2    | Found Teigo's Distillery.
 20578 | Orc:2    | Bought a book of Spatial Translocations for 338 gold pieces
 20581 | Orc:2    | Learned a level 2 spell: Blink
 20582 | Orc:2    | Bought a scroll of teleportation for 36 gold pieces
 20582 | Orc:2    | Bought a scroll of blinking for 90 gold pieces
 20582 | Orc:2    | Bought a scroll of identify for 24 gold pieces
 20582 | Orc:2    | Bought a scroll of teleportation for 36 gold pieces
 20582 | Orc:2    | Bought a scroll of magic mapping for 42 gold pieces
 21411 | Orc:2    | Bought a lightning rod (4/4) for 900 gold pieces
 21411 | Orc:2    | Bought a wand of iceblast (5) for 120 gold pieces
 21495 | Orc:2    | Bought a potion of might for 120 gold pieces
 22045 | D:11     | Reached skill level 1 in Spellcasting
 22047 | D:11     | Reached skill level 1 in Translocations
 22251 | D:11     | Identified the +1 scale mail of Okawaru's Hope {rF+ MP-9
                  | Str+4 Stlth+}
 22414 | D:12     | Reached skill level 1 in Evocations
 24432 | D:14     | Reached XP level 16. HP: 105/132 MP: 19/19
 24490 | D:14     | Found a gate to the Vaults.
 25160 | D:15     | Entered Level 15 of the Dungeon
 25175 | D:15     | Identified the -6 pair of boots "Leptimil" {Str+2}
 25359 | D:15     | Learned a level 1 spell: Apportation
 25361 | D:15     | Learned a level 1 spell: Animate Skeleton
 26456 | D:15     | Reached skill level 15 in Dodging
 26504 | D:15     | Learned a level 5 spell: Manifold Assault
 26618 | D:15     | Found a staircase to the Depths.
 26936 | D:6      | Killed Palewisp's ghost
 27294 | Lair:3   | Killed Uhour's ghost
 27620 | Swamp:1  | Entered Level 1 of the Swamp
 27632 | Swamp:1  | Noticed a fenstrider witch
 27637 | Swamp:1  | Paralysed by a fenstrider witch for 3 turns
 27643 | Swamp:1  | Killed a fenstrider witch
 29188 | Swamp:2  | Reached XP level 17. HP: 120/140 MP: 23/23
 29284 | Swamp:2  | Noticed Mlioglotl
 29302 | Swamp:2  | Killed Mlioglotl
 29303 | Swamp:2  | Reached skill level 15 in Fighting
 29303 | Swamp:2  | Reached skill level 5 in Translocations
 29544 | Swamp:2  | Found a basalt altar of Yredelemnul.
 29699 | Swamp:2  | Reached skill level 5 in Armour
 29699 | Swamp:2  | Reached skill level 5 in Evocations
 30177 | Swamp:3  | Noticed a tentacled monstrosity
 30186 | Swamp:3  | Killed a tentacled monstrosity
 30197 | Swamp:2  | Reached skill level 5 in Spellcasting
 31493 | Swamp:3  | Reached skill level 16 in Dodging
 31858 | Swamp:4  | Entered Level 4 of the Swamp
 31858 | Swamp:4  | Noticed Ysuot's ghost (journeyman OpWn)
 31858 | Swamp:4  | Found a runed translucent door.
 31858 | Swamp:4  | Found a shimmering altar of Xom.
 31970 | Swamp:4  | Killed Ysuot's ghost
 32351 | Swamp:4  | Noticed Aizul
 32368 | Swamp:4  | Killed Aizul
 32677 | Swamp:4  | Reached XP level 18. HP: 114/151 MP: 26/26
 32978 | Swamp:4  | Found a blossoming altar of Fedhas.
 33014 | Swamp:4  | Reached skill level 15 in Throwing
 33326 | Swamp:4  | Found a basalt altar of Yredelemnul.
 33609 | Swamp:4  | Got a decaying rune of Zot
 33845 | Spider:1 | Entered Level 1 of the Spider Nest
 33853 | Spider:1 | Noticed Azrael
 33854 | Spider:1 | Noticed Nikola
 33868 | Lair:4   | Killed Nikola
 34035 | Lair:4   | Killed Azrael
 35325 | Spider:2 | Noticed Frances
 35331 | Spider:2 | Killed Frances
 37048 | Spider:3 | Reached skill level 17 in Dodging
 37957 | Spider:3 | Reached XP level 19. HP: 147/161 MP: 29/29
 38772 | Spider:4 | Entered Level 4 of the Spider Nest
 40802 | Spider:4 | Got a gossamer rune of Zot
 41368 | Slime:1  | Entered Level 1 of the Pits of Slime
 41743 | Vaults:1 | Entered Level 1 of the Vaults
 41992 | Vaults:1 | Reached skill level 10 in Translocations
 43026 | Vaults:1 | Cast into level 2 of the Abyss (a wizard)
 43502 | Abyss:2  | Noticed a bone dragon
 43520 | Abyss:2  | Killed a bone dragon
 43556 | Abyss:2  | Noticed a bone dragon
 43571 | Abyss:2  | Killed a bone dragon
 43845 | Vaults:1 | Escaped the Abyss
 44344 | Vaults:2 | Reached skill level 18 in Dodging
 44359 | Vaults:2 | Reached XP level 20. HP: 143/171 MP: 30/30
 47880 | Vaults:3 | Reached skill level 19 in Dodging
 48357 | Vaults:3 | Reached XP level 21. HP: 180/180 MP: 14/31
 48504 | Vaults:3 | Identified the +6 spear "Worm's Wrath" {speed, Int+2
                  | Stlth+}
 48672 | Vaults:3 | Found a staircase to the Crypt.
 49833 | Vaults:4 | Found Gacwyryl's Distillery.
 49840 | Vaults:4 | Bought a potion of cancellation for 144 gold pieces
 49840 | Vaults:4 | Bought a potion of curing for 54 gold pieces
 49840 | Vaults:4 | Bought 2 potions of curing for 108 gold pieces
 49840 | Vaults:4 | Bought a potion of ambrosia for 144 gold pieces
 49903 | Vaults:4 | Noticed Mara
 49908 | Vaults:4 | Killed Mara
 50121 | Vaults:4 | Reached skill level 20 in Dodging
 50488 | Vaults:4 | HP: 4/182 [vault warden/+0 great sword (47)]
 50952 | Vaults:4 | Reached skill level 10 in Armour
 51619 | Elf:1    | Entered Level 1 of the Elven Halls
 51858 | Elf:1    | Learned a level 2 spell: Passwall
 51875 | Elf:1    | Found a crumbling gateway.
 51895 | Desolati | Entered the Desolation of Salt
 51942 | Desolati | Reached XP level 22. HP: 62/190 MP: 32/32
 52468 | Desolati | Identified the amulet "Asoupsa" {Acrobat rC+ Str-2 Int+5}
 53458 | Desolati | Identified the ring of Xom's Best Wishes {rF+ Str+6}
 54263 | Desolati | Identified the ring of the Gloaming {rPois rF+ rN+ Str+4}
 54275 | Desolati | Identified the ring "Ravvau Zaiss" {Fire rElec}
 54627 | Desolati | Reached skill level 21 in Dodging
 54790 | Desolati | Identified the ring of Uzang {AC+4 Int+5}
 54800 | Desolati | Identified the +11 shortbow of Unreason {speed, Drain rF++
                  | rC+}
 54803 | Desolati | Got the Volume of Necromancy and Conjuration
 55246 | Elf:1    | Got the Disquisition on Conjuration
 55897 | Elf:2    | Found a runed translucent gate.
 55897 | Elf:2    | Found a runed translucent gate.
 55898 | Elf:2    | Found a runed translucent gate.
 57513 | Elf:3    | Entered Level 3 of the Elven Halls
 57575 | Elf:3    | Found a flickering gateway to a bazaar.
 57601 | Bazaar   | Entered a bazaar
 57601 | Bazaar   | Found Teriary's Armour Boutique.
 57601 | Bazaar   | Found Wufuente's Antique Weapon Shop.
 57601 | Bazaar   | Found Dacvisul's Armour Shop.
 57711 | Elf:3    | Noticed Louise
 57714 | Elf:3    | Killed Louise
 57715 | Elf:3    | Reached XP level 23. HP: 200/200 MP: 33/33
 58554 | Elf:3    | Reached skill level 22 in Dodging
 59551 | Elf:3    | Identified the amulet "Fulaf" {Acrobat rC++ Regen+}
 59987 | Elf:3    | Identified the +1 hand crossbow "Emaupinuly" {venom, +Blink
                  | Str-2 Int+9 Dex-4}
 60551 | Depths:1 | Entered Level 1 of the Depths
 60740 | Depths:1 | Found a basalt altar of Yredelemnul.
 60866 | Depths:1 | Found a one-way gate to the infinite horrors of the Abyss.
 61041 | Depths:1 | Found a gateway to Hell.
 61492 | Depths:1 | Found a shadowy altar of Dithmenos.
 62643 | Depths:2 | You fall into a shaft and drop 2 floors!
 62643 | Depths:4 | Entered Level 4 of the Depths
 62718 | Depths:4 | Found a one-way gateway to a ziggurat.
 62872 | Depths:3 | Noticed Xtahua
 62887 | Depths:3 | Killed Xtahua
 62951 | Depths:3 | Reached skill level 23 in Dodging
 63087 | Depths:2 | Gained mutation: Potions are less effective at restoring
                  | your health. [a neqoxec]
 63394 | Depths:2 | Found a one-way gate leading to the halls of Pandemonium.
 63397 | Depths:2 | Reached XP level 24. HP: 200/210 MP: 33/33
 63548 | Depths:2 | Identified the ring of Useorph {rC+ Int+3 SInv}
 63828 | Depths:2 | Got the Reference Book on the Poisonous Birds
 65051 | Depths:2 | Found Edatraej's Jewellery Shop.
 66484 | Depths:3 | Identified the +10 scimitar "Gagra" {vorpal, Drain rPois
                  | Str+8}
 66517 | Depths:3 | Identified the +0 leather armour "Voq Ohui" {rN+}
 66968 | Depths:4 | Found a shimmering altar of Xom.
 67662 | Depths:4 | Reached skill level 24 in Dodging
 67812 | Depths:4 | Found a gate to the Realm of Zot.
 68558 | Depths:3 | Voluntarily entered the Abyss.
 68601 | Abyss:2  | Found a corrupted altar of Lugonu.
 68829 | Abyss:3  | Found a sacrificial altar of Ru.
 69276 | Depths:3 | Escaped the Abyss
 70042 | Slime:1  | Gained mutation: Your magical capacity is low. (-10% MP) [a
                  | shining eye]
 70043 | Slime:1  | Gained mutation: You are dopey. (Int -2) [a shining eye]
 70044 | Slime:1  | Gained mutation: You tend to lose your temper in combat. [a
                  | shining eye]
 70050 | Slime:1  | Paralysed by a great orb of eyes for 4 turns
 70441 | Slime:4  | Reached XP level 25. HP: 167/219 MP: 29/29
 70457 | Slime:4  | Gained mutation: Armour fits poorly on your strangely
                  | shaped body. [a shining eye]
 70930 | Slime:5  | Entered Level 5 of the Pits of Slime
 71183 | Slime:5  | Noticed the Royal Jelly
 71220 | Slime:5  | Killed the Royal Jelly
 71247 | Slime:5  | HP: 4/219 [acid (9)]
 71257 | Slime:5  | HP: 9/219 [acid[the Royal Jelly] (4)]
 71259 | Slime:5  | Mangled by an acid blob

Illustrated notes

Levels and vault maps discovered:
D:1:      roderic_crop_circles_arrival_small, layout_loops_ring,
          minmay_heptomino_l4
D:2:      layout_basic, uniq_natasha, uniq_sigmund
D:3:      layout_rooms, mainiacjoe_overflow_cross_hatched,
          hellmonk_ecumenical_altar_zigzags, nicolae_figureground_sparkle
D:4:      layout_layer_cave, nicolae_wu_jian_immortal_techniques,
          mainiacjoe_overflow_catwalk, general_overflow_altar, serial_forest,
          infiniplex_forest_clump_medium, infiniplex_forest_split,
          infiniplex_forest_straight_2, infiniplex_forest_join,
          infiniplex_forest_corner_1, infiniplex_forest_clump_medium,
          infiniplex_forest_lined_room_, infiniplex_forest_pool,
          infiniplex_forest_straight_3, infiniplex_forest_clump_curved,
          uniq_eustachio
D:5:      layout_basic, minmay_manual_moon, uniq_blork_the_orc
D:6:      layout_basic, nicolae_tso_besieged_by_evil,
          lemuel_coloured_pillars_altar, zin_statuary,
          gammafunk_ghost_necromancy
D:7:      layout_loops_corners, kennysheep_little_box, enter_bailey_8,
          minmay_crystal_room, nicolae_fountain_basement
D:8:      layout_basic, eat_drink_and_be_merry_uskayaw,
          hangedman_decor_riveting, uniq_harold, uniq_grum, uniq_maurice,
          uniq_pikel
D:9:      layout_rooms, erik_lair_island, erik_orc_3, minmay_puff, uniq_joseph
D:10:     layout_roguey [special_room_orc], xom_butterflies,
          gammafunk_ghost_spectres, enter_trove_3, uniq_fannar
D:11:     argonaut_augean_stables, layout_basic, kennysheep_generic_room_11
D:12:     layout_loops_ring
D:13:     layout_loops_ring
D:14:     layout_roguey, ximxim_vaults_locker_room, serial_rivers,
          chequers_serial_rivers_micro_b, chequers_serial_rivers_small_3,
          chequers_serial_rivers_small_b, chequers_serial_rivers_small_3,
          chequers_serial_rivers_small_a, chequers_serial_rivers_micro_a,
          minmay_gold_behind_fungi, kennysheep_small_circle
D:15:     hangedman_depths_entry_try_elsewhere_first, layout_long_grid,
          chequers_serial_rivers_micro_a
Lair:1:   gammafunk_indiana_jones, layout_layer_cave, uniq_sonja
Lair:2:   layout_regular_city, minivault_19
Lair:3:   layout_roguey, maelrawn_ghost_gauntlet_escape, lemuel_another_geyser,
          serial_bayou_shore_b, uniq_rupert
Lair:4:   layout_long_grid, minmay_swamp_entry_wisps, spider_nest_entry_webs,
          uniq_snorg
Lair:5:   layout_roguey, slime_altar_2
Lair:6:   due_jungle_book, layout_loops_ring, ebering_ghost_funeral_grove,
          grunt_megastairs_2
Swamp:1:  layout_basic_swamp, nicolae_swamp_trees_clearing
Swamp:2:  layout_basic_swamp, nicolae_swamp_godswood, uniq_mlioglotl
Swamp:3:  nzn_winding_woodlands_small
          [nzn_winding_woodlands_5x15_river_crossing,
          nzn_winding_woodlands_center_garden,
          nzn_winding_woodlands_5x15_parted], layout_falls_marsh,
          hangedman_swamp_cone
Swamp:4:  byrel_swamp_growth_death_and_undeath, layout_basic_swamp,
          ebering_ghost_xom, swamp_pool5, uniq_aizul
Spider:1: layout_spider_delve, hangedman_spider_tarantella_strand, uniq_azrael,
          uniq_nikola
Spider:2: layout_chambers, uniq_frances
Spider:3: layout_spider_delve, drop_trap, nicolae_orb_stairs
Spider:4: grunt_spider_rune_parallel
Slime:1:  layout_caves
Slime:2:  layout_caves
Slime:3:  layout_caves
Slime:4:  layout_caves
Slime:5
Orc:1:    layout_diamond_mine
Orc:2:    st_orc_mages, layout_diamond_mine, serial_shops, shop_fountains,
          portal_ice_cave_entry_imps
Elf:1:    minmay_elf_arrival_circle, layout_gridlike,
          portal_desolation_entry_garden, minmay_elf_annihilation
Elf:2:    nicolae_elf_blades_splatter_lattice
          [nicolae_blade_entry_sentries_behind_glass], layout_geoelf_octagon
Elf:3:    minmay_elf_hall_statues, layout_geoelf_octagon, special_room
          [special_room_orc], serial_shops, bzr_in_the_mist,
          nicolae_elf_glassroom_feature, uniq_louise
Vaults:1: nicolae_vaults_rhombus_6, nicolae_vaults_mini_display_case,
          hangedman_vaults_stitches, nicolae_vaults_ring_of_whatevers,
          nicolae_vaults_alarming, v_pattern_2, vaults_mumra_chevron_long,
          grunt_vaults_focal, ontoclasm_vaults_loading_screen,
          layout_vaults_omnigrid
Vaults:2: grunt_vaults_twisty, ontoclasm_vaults_hangar,
          nicolae_vaults_c_with_doors, v_alt_pattern_3,
          nicolae_vaults_what_the_h, hangedman_vaults_snaps,
          nicolae_vaults_twisting_passages, nicolae_vaults_yaktaur_gun_rack,
          v_misc_2, vaults_room_stairs_pillars, nicolae_vaults_specimen_jars,
          ontoclasm_vaults_ring_small, layout_vaults_big_cross
Vaults:3: v_misc_15, st_octagons_2, minmay_crypt_entry_simple_walls,
          ontoclasm_vaults_loading_screen, nicolae_vaults_diagonal_hallway_9,
          nicolae_vaults_theta, vaults_room_grunt_arrival_checkpoint,
          vaults_standard_mumra_x, hangedman_vaults_trim, v_misc_9,
          vaults_mumra_lcd, nicolae_vaults_little_squares_3, layout_vaults_ring
Vaults:4: vaults_room_fours, ontoclasm_vaults_hangar, v_pattern_3, v_misc_27,
          v_alt_pattern_3, nicolae_vaults_windows_and_doors_thing, v_misc_3,
          dpeg_vaults_monster_box, st_eye, vaults_room_hallway,
          ontoclasm_vaults_fault, layout_vaults_omnibox, serial_shops,
          nicolae_shop_competitors_out_of_business, uniq_mara
Depths:1: layout_cave_pools, hellmouth_3, grunt_dithmenos_smoke, special_room
          [special_room_mythical_zoo], hangedman_abyss_entry_splay,
          yredelemnul_altar_generic
Depths:2: minmay_the_grid_triangle_9x9_recursive_2_mashed
          [minmay_the_grid_triangle_9x9_prize_center,
          minmay_the_grid_triangle_9x9_corrupted_corridor,
          minmay_the_grid_triangle_9x9_dagger,
          minmay_the_grid_triangle_9x9_semitri], layout_long_grid,
          minmay_misc_feat_iff, rand_demon_pan_entry_3, serial_shops,
          shop_coins, hell_entry, minivault_16
Depths:3: kennysheep_demon_jail, layout_small_grid, minmay_room_of_horrors,
          hell_entry, kennysheep_cluttered_room, firewood_loft, uniq_xtahua
Depths:4: evilmike_zot_entry_hall, layout_gridlike, enter_ziggurat_e,
          pf_hell_entry_tar_river, xom_teletrap_fun

Skill      XL: |  1  2  3  4  5  6  7  8  9 10 11 12 13 14 15 16 17 18 19 20 21 22 23 24 |
---------------+-------------------------------------------------------------------------+-----
Polearms       | 5 6 8 10 11 13 14 16 18 20 21 22 23 | 23.5
Stealth        | 2 5 6 8 9 10 12 13 | 13.4
Staves         | 1 3 4 |  4.6
Fighting       | 3 5 6 8 9 10 12 13 14 16 17 18 19 20 21 22 | 22.8
Armour         | 1 3 4 5 6 7 8 10 11 12 13 | 13.2
Dodging        | 5 7 8 10 11 12 13 14 15 16 17 18 19 20 21 23 24 | 24.2
Throwing       | 5 8 10 12 13 14 15 16 17 18 19 20 | 20.6
Spellcasting   | 2 4 5 6 |  6.6
Translocations | 2 4 7 8 10 11 | 11.3
Evocations     | 2 4 6 7 8 |  8.9

Action                   |  1- 3 |  4- 6 |  7- 9 | 10-12 | 13-15 | 16-18 | 19-21 | 22-24 | 25-27 || total
-------------------------+-------+-------+-------+-------+-------+-------+-------+-------+-------++-------
Melee: Trident           |    81 |   126 |   217 |    24 |    15 |       |       |       |       ||   463
       Punch             |     1 |       |       |       |     2 |     1 |       |       |       ||     4
       Tailslap          |       |       |     1 |     1 |     6 |    19 |     3 |     1 |       ||    31
       Bardiche          |       |       |       |   242 |   697 |   920 |  1277 |  1510 |    94 ||  4740
       Spear             |       |       |       |       |    25 |    56 |       |       |       ||    81
       Demon trident     |       |       |       |       |       |       |       |    10 |       ||    10
Throw: Dart              |       |     3 |       |     6 |     3 |       |       |       |       ||    12
       Boomerang         |       |       |       |       |    17 |    81 |    42 |   110 |       ||   250
       Javelin           |       |       |       |       |       |     4 |       |       |       ||     4
 Cast: Animate Skeleton  |       |       |       |       |       |     7 |       |    12 |       ||    19
       Manifold Assault  |       |       |       |       |       |     4 |    40 |    28 |       ||    72
       Blink             |       |       |       |       |       |     2 |     1 |     3 |     3 ||     9
       Apportation       |       |       |       |       |       |     1 |     1 |     1 |       ||     3
       Passwall          |       |       |       |       |       |       |     1 |     1 |       ||     2
Invok: Lunge             |       |       |    18 |    37 |    34 |    25 |    11 |    53 |       ||   178
       Whirlwind         |       |       |     2 |    26 |    67 |    97 |    53 |    91 |    22 ||   358
       Serpent's Lash    |       |       |       |       |     1 |       |     1 |     3 |     1 ||     6
       Heavenly Storm    |       |       |       |       |     1 |     1 |     3 |     2 |     1 ||     8
 Abil: Wall Jump         |       |       |       |     1 |     4 |     7 |     9 |     7 |       ||    28
Evoke: Phial of floods   |       |       |       |       |       |       |     1 |       |       ||     1
       Box of beasts     |       |       |       |       |       |       |       |     1 |       ||     1
       Wand              |       |       |       |       |       |       |       |     1 |       ||     1
       Condenser vane    |       |       |       |       |       |       |       |     1 |       ||     1
  Use: Scroll            |     5 |     1 |     6 |    13 |    10 |     4 |     4 |     3 |     1 ||    47
       Potion            |       |       |       |       |       |     2 |     4 |     1 |     8 ||    15
 Stab: Sleeping          |     1 |     1 |     3 |    18 |    28 |    26 |    31 |    29 |       ||   137
       Distracted        |       |       |     3 |     8 |    15 |    22 |    16 |    23 |       ||    87
       Invisible         |       |       |       |       |       |     6 |       |       |       ||     6
       Held in net/web   |       |       |       |       |       |     1 |       |       |       ||     1
       Confused          |       |       |       |       |       |       |       |    12 |       ||    12
Armor: Leather armour    |     6 |     4 |    12 |    33 |    69 |   123 |    96 |   112 |     8 ||   463
       Ring mail         |    10 |    18 |       |       |       |       |       |       |       ||    28
Dodge: Dodged            |    39 |    35 |    30 |   112 |   340 |   726 |   803 |   998 |   128 ||  3211
Block: Buckler           |       |     7 |    16 |     1 |       |       |       |       |       ||    24
       Other             |       |       |       |       |    38 |   106 |   141 |   161 |    16 ||   462
       Reflection        |       |       |       |       |     6 |     3 |    18 |    10 |       ||    37
